General information
- name: DJOrwell P:| L:7
- type: Custom game
- host: DJOrwell
- saver: PIESOFTHENORTH
map: TwistedMeadows
- players: 5
- length: 27:54
- speed: Fast
- version: 1.26 W3XP
- replay type: Public
» download(233 KB)
Players
team 1 (loser)
Miles_Edgeworth (
blue | 172 APM | 4774 actions | 27:48)
6 Death Knight
3 Death Coil
2 Unholy Aura
1 Animate Dead
6 Lich
3 Frost Nova
2 Frost Armor
1 Death and Decay
» actions
| Assign group hotkey | 61 | |
| Basic commands | 371 | |
| Build / train | 90 | |
| ESC pressed | 6 | |
| Enter build submenu | 26 | |
| Enter hero's abilities submenu | 12 | |
| Give item / drop item | 9 | |
| Right click | 2096 | |
| Select / deselect | 768 | |
| Select group hotkey | 1199 | |
| Use ability | 136 | |
4774 total
» units
| Acolyte | 18 | |
| Ghoul | 11 | |
| Obsidian Statue | 4 | |
| Crypt Fiend | 11 | |
| Meatwagon | 1 | |
| Abomination | 3 | |
48 total
» upgrades
| Destroyer Form | 1 | |
| Web | 1 | |
| Creature Attack | 3 | |
| Unholy Armor | 1 | |
| Creature Carapace | 1 | |
7 total
» buildings
| Crypt | 2 | |
| Altar of Darkness | 1 | |
| Ziggurat | 12 | |
| Tomb of Relics | 1 | |
| Nerubian Tower | 2 | |
| Halls of the Dead | 1 | |
| Graveyard | 1 | |
| Slaughterhouse | 2 | |
| Black Citadel | 1 | |
| Sacrificial Pit | 3 | |
| Necropolis | 2 | |
| Spirit Tower | 3 | |
| Boneyard | 1 | |
32 total
» build order
00:07 Crypt
00:12 Altar of Darkness
00:24 Ziggurat
01:09 Tomb of Relics
01:46 Ziggurat
02:57 Nerubian Tower
03:11 Halls of the Dead
04:01 Graveyard
05:47 Slaughterhouse
05:49 Slaughterhouse
06:11 Black Citadel
06:17 Ziggurat
06:56 Sacrificial Pit
08:52 Ziggurat
11:42 Ziggurat
13:23 Necropolis
13:49 Ziggurat
14:13 Ziggurat
14:20 Ziggurat
15:21 Nerubian Tower
15:22 Spirit Tower
15:38 Sacrificial Pit
15:39 Sacrificial Pit
16:39 Necropolis
20:29 Boneyard
21:50 Ziggurat
21:51 Ziggurat
21:52 Ziggurat
22:45 Spirit Tower
22:59 Spirit Tower
26:58 Crypt
27:07 Ziggurat
» items
| Rod of Necromancy | 3 | |
| Boots of Speed | 1 | |
| Potion of Healing | 5 | |
| Orb of Corruption | 1 | |
| Scroll of Town Portal | 1 | |
| Potion of Mana | 1 | |
12 total
team 2 (winner)
ghettooverlord (
dark-green | 195 APM | 5431 actions | 27:49)
6 Archmage
3 Summon Water Elemental
2 Brilliance Aura
1 Mass Teleport
4 Paladin
2 Holy Light
2 Devotion Aura
» actions
| Assign group hotkey | 300 | |
| Basic commands | 618 | |
| Build / train | 115 | |
| ESC pressed | 12 | |
| Enter build submenu | 45 | |
| Enter hero's abilities submenu | 10 | |
| Give item / drop item | 1 | |
| Right click | 2052 | |
| Select / deselect | 1103 | |
| Select group hotkey | 966 | |
| Use ability | 209 | |
5431 total
» units
| Peasant | 32 | |
| Footman | 9 | |
| Dragonhawk Rider | 5 | |
| Gryphon Rider | 5 | |
| Knight | 6 | |
| Mortar Team | 1 | |
| Siege Engine | 4 | |
62 total
» upgrades
| Masonry | 1 | |
| Swords | 3 | |
| Storm Hammers | 1 | |
| Cloud | 1 | |
| Animal War Training | 1 | |
| Plating | 1 | |
| Flare | 1 | |
| Fragmentation Shards | 1 | |
| Barrage | 1 | |
| Flak Cannons | 1 | |
| Gunpowder | 1 | |
| Armor | 1 | |
| Magic Sentry | 1 | |
15 total
» buildings
| Barracks | 3 | |
| Farm | 14 | |
| Altar of Kings | 1 | |
| Scout Tower | 14 | |
| Lumber Mill | 1 | |
| Guard Tower | 11 | |
| Town Hall | 3 | |
| Keep | 1 | |
| Blacksmith | 1 | |
| Arcane Vault | 1 | |
| Gryphon Aviary | 3 | |
| Castle | 2 | |
| Workshop | 2 | |
| Arcane Sanctum | 1 | |
58 total
» build order
00:20 Barracks
00:32 Farm
00:38 Farm
00:49 Altar of Kings
01:43 Farm
02:09 Farm
02:17 Scout Tower
02:20 Lumber Mill
03:44 Guard Tower
04:07 Town Hall
04:10 Scout Tower
04:10 Scout Tower
04:11 Scout Tower
04:42 Scout Tower
04:48 Guard Tower
04:49 Guard Tower
04:49 Guard Tower
04:49 Guard Tower
04:50 Guard Tower
05:20 Farm
05:28 Guard Tower
05:42 Keep
05:50 Farm
06:07 Blacksmith
06:14 Guard Tower
06:25 Arcane Vault
06:35 Farm
06:53 Farm
08:05 Gryphon Aviary
08:05 Gryphon Aviary
08:06 Gryphon Aviary
08:37 Castle
08:37 Castle
08:48 Farm
11:45 Scout Tower
11:45 Scout Tower
11:46 Scout Tower
11:46 Scout Tower
11:47 Scout Tower
11:47 Scout Tower
12:56 Guard Tower
13:33 Scout Tower
13:33 Scout Tower
13:33 Scout Tower
13:41 Farm
13:52 Farm
13:52 Farm
14:20 Guard Tower
14:21 Guard Tower
14:39 Barracks
14:39 Barracks
17:40 Town Hall
17:49 Workshop
17:49 Workshop
20:28 Arcane Sanctum
21:59 Town Hall
23:45 Farm
24:44 Farm
» items
| Boots of Speed | 1 | |
| Staff of Teleportation | 1 | |
| Scroll of Regeneration | 3 | |
| Lesser Clarity Potion | 1 | |
| Scroll of Town Portal | 2 | |
| Scroll of Healing | 1 | |
9 total
refereesDJOrwell,
Flayl,
PIESOFTHENORTH Chat log
(00:03 / All) DJOrwell: CARRIERS ALREADY?
(00:09 / Referees) Flayl: brb making sammich enjoy rally point flagging
(00:12 / All) ghettooverlord: brb
(00:14 / All) ghettooverlord: sorry
(00:14 / All) Miles_Edgeworth: yes
(00:43 / Referees) DJOrwell: how do you save locations
(00:46 / All) ghettooverlord: I hate how you have to micro to win in this game.
(00:50 / Referees) DJOrwell: like shift-f2 in starcraft
(00:52 / All) Miles_Edgeworth: yeah it's too tough
(00:53 / All) ghettooverlord: CoD owns this shit game.
(01:00 / All) ghettooverlord: I don't want to have to use skill to win.
(01:03 / All) DJOrwell: it's a bad dota ripoff
(01:03 / All) ghettooverlord: I want to win without skill.
(01:06 / All) ghettooverlord: lol
(01:18 / All) ghettooverlord: I like your style.
(01:19 / Referees) Flayl: back
(01:32 / All) DJOrwell: I mean wtf it even rips off dota's assets
(01:42 / All) ghettooverlord: WHY DONT BLIZZER SUEE???
(02:08 / Referees) Flayl: gehtoo just now started making a hero? thats weird
(02:22 / Referees) DJOrwell: i bet on miles
(02:36 / Referees) Flayl: i have no idea how good these people arrrrrreeeeee
(02:59 / Referees) DJOrwell: does last hit grant bonus exp to heroes
(03:00 / All) ghettooverlord: Sloppy me.
(03:11 / All) PIESOFTHENORTH: alright i'm back, hope I didn't miss too much.
(03:15 / All) ghettooverlord: Nah, I had to pause.
(03:18 / Referees) Flayl: no but there is denying
(03:19 / All) PIESOFTHENORTH: yeah
(04:01 / Referees) DJOrwell: militia whaaaaaaaaaaaaat
(04:07 / Referees) DJOrwell: i didn't know anyone ever actually used militia
(04:11 / Referees) PIESOFTHENORTH: lol
(04:18 / Referees) PIESOFTHENORTH: clearly you haven't watched much pro games lOLOll
(04:23 / Referees) DJOrwell: whaaaaaaaaaaaaat they can switch back to villagers
(04:28 / Referees) Flayl: yeah they do theyre super sueful for expanding and defending against early pushes
(04:36 / Referees) Flayl: *useful
(05:02 / Referees) Flayl: lost a ghoul
(05:29 / Referees) DJOrwell: who else is watching in glorious 800 x 600
(05:44 / Referees) DJOrwell: yeah I figured :P
(05:48 / Referees) Flayl: im watching it stretched out to 16:9
(05:58 / Referees) DJOrwell: the font actually looks really nicne in widescreen
(05:58 / Referees) Flayl: archamge needs to lsoe weight!
(06:05 / Referees) Flayl: yeah font does
(06:19 / Referees) DJOrwell: the rest isn't so bad either :P
(07:34 / Referees) Flayl: im guessing miles is going straight for destoryers?
(07:41 / Referees) Flayl: those still good as anti-toweers?
(07:46 / Referees) PIESOFTHENORTH: that's usually what I do against ghetto
(07:59 / Referees) PIESOFTHENORTH: and by usually I mean "one out of two times that I played him"
(08:05 / Referees) Flayl: hah
(08:27 / All) DJOrwell: OH SNAP
(08:52 / Referees) Flayl: shouldve saves that ring for the paladin
(09:35 / Referees) DJOrwell: ghetto has an economic advantage
(09:51 / Referees) PIESOFTHENORTH: miles has a coilnova advantage
(09:54 / Referees) DJOrwell: yeah ghetto's pretty much won
(10:26 / Referees) Flayl: hate when that ahppens
(10:37 / Referees) PIESOFTHENORTH: damn you're right
(10:38 / Referees) PIESOFTHENORTH: lol
(10:38 / Referees) Flayl: tp and units get stuck behind
(10:39 / Referees) PIESOFTHENORTH: hawks
(11:12 / Referees) Flayl: i know ill ensnare those destoryers! oh wait...
(11:22 / Referees) Flayl: dotn even remember what the ability is called
(11:29 / Referees) DJOrwell: is three bases ever practical
(11:33 / Referees) PIESOFTHENORTH: even without ensnare
(11:44 / Referees) PIESOFTHENORTH: ot
(11:46 / Referees) PIESOFTHENORTH: hawks still beat them
(11:53 / Referees) Flayl: the sheer mass of hawks is going to beat the destroyers
(12:02 / Referees) PIESOFTHENORTH: looks like I may be getting tourney-avenged here :o
(12:25 / Referees) Flayl: statues, attack!
(12:48 / Referees) PIESOFTHENORTH: damn
(12:51 / Referees) Flayl: and now it doesn't look like gehttos gonna win so bad eh
(12:54 / Referees) PIESOFTHENORTH: lol
(13:03 / Referees) PIESOFTHENORTH: how'd that happen
(13:07 / Referees) PIESOFTHENORTH: why didn't he just keep the hawks in the fight
(13:11 / Referees) PIESOFTHENORTH: goin after his other shit
(13:12 / Referees) PIESOFTHENORTH: lol
(13:17 / Referees) DJOrwell: why the guard towers in the lower left
(13:18 / Referees) DJOrwell: oh snap
(13:21 / Referees) PIESOFTHENORTH: lolol
(13:31 / Referees) Flayl: he was trying to build the expo while he was pressuring
(13:36 / Referees) Flayl: didnt work out
(14:11 / Referees) Flayl: did gehtto get the animal war training upgrade yet?
(14:15 / Referees) PIESOFTHENORTH: no
(14:33 / Referees) DJOrwell: i gotta break my mouse wheel off
(14:35 / Referees) DJOrwell: for this game
(14:36 / Referees) DJOrwell: gah
(14:39 / Referees) PIESOFTHENORTH: ?
(14:54 / Referees) DJOrwell: i accidentally roll it sometimes
(15:02 / Referees) DJOrwell: the zoom-in mode is absolutely useless
(15:08 / Referees) PIESOFTHENORTH: lol
(15:09 / Referees) Flayl: yeah pretty much
(15:12 / Referees) PIESOFTHENORTH: why do you need to zoom in
(15:16 / Referees) Flayl: it's funny like that
(15:24 / Referees) Flayl: an extra feature that's actually useless
(15:30 / Referees) PIESOFTHENORTH: it's useful
(15:33 / Referees) PIESOFTHENORTH: for if you wanna
(15:37 / Referees) PIESOFTHENORTH: make certain screenshots
(15:39 / Referees) PIESOFTHENORTH: for whatever reason
(15:42 / Referees) Flayl: haha
(15:55 / Referees) PIESOFTHENORTH: LOOK AT MAH CINEMATIC CAMERA ANGLES OF THINGS GETTING HEXED AND ENSNARED!
(16:01 / Referees) DJOrwell: i wish I had full 3D control of the camera angle :(
(16:08 / Referees) DJOrwell: i want to fly around in first person
(16:14 / Referees) PIESOFTHENORTH: lol
(16:15 / Referees) PIESOFTHENORTH: that'd be cool
(16:18 / Referees) PIESOFTHENORTH: i'd be down for that feature
(16:27 / Referees) Flayl: unit point of view
(16:29 / Referees) DJOrwell: HOLY SHIT
(16:33 / Referees) Flayl: would be great for replays and stuff
(16:33 / Referees) DJOrwell: IF YOU TAP INSERT REALLY FAST
(16:37 / All) DJOrwell: IT LOOKS 3D
(16:46 / Referees) PIESOFTHENORTH: uh
(16:50 / Referees) PIESOFTHENORTH: lol?
(16:55 / Referees) PIESOFTHENORTH: insert and del just rotate the cam
(16:56 / Referees) DJOrwell: EVERYTHING IS POPPING OUT WHOA
(17:01 / Referees) DJOrwell: i know, tap it really fast
(17:11 / Referees) Flayl: ~its like one of those dumb gifs
(17:13 / Referees) DJOrwell: it creates that dual image thing
(17:15 / Referees) DJOrwell: YEAH
(17:24 / Referees) DJOrwell: IT'S SO THREEDEE MAN
(17:26 / Referees) Flayl: i hate those, over half of them don't work
(17:31 / Referees) PIESOFTHENORTH: I guess you're IPM is faster than mine.
(17:33 / Referees) DJOrwell: it's just your eyes lol
(17:34 / Referees) Flayl: and a forum I go to is getting spammed with those
(17:44 / Referees) DJOrwell: ow my eyes hurt like fuck
(17:49 / Referees) Flayl: haha
(17:50 / Referees) PIESOFTHENORTH: rofl
(17:51 / Referees) PIESOFTHENORTH: owned
(18:01 / Referees) DJOrwell: oh snap
(18:14 / Referees) PIESOFTHENORTH: hmmm
(18:14 / Referees) PIESOFTHENORTH: whoa
(18:18 / Referees) PIESOFTHENORTH: he actually got pal aura
(18:23 / Referees) Flayl: k now ghetto is winning pretty badly
(18:25 / Referees) PIESOFTHENORTH: *surprised*
(18:41 / Referees) PIESOFTHENORTH: mppp
(18:56 / Referees) DJOrwell: you know one of the main purchasable items garena sells
(18:58 / Referees) DJOrwell: is unban tickets
(19:01 / Referees) DJOrwell: isn't that great
(19:01 / Referees) Flayl: hahahaha
(19:02 / Referees) PIESOFTHENORTH: rpfl;
(19:03 / Referees) PIESOFTHENORTH: rofl
(19:13 / Referees) PIESOFTHENORTH: just like blizzard
(19:19 / All) DJOrwell: GG everyone :D
(19:21 / Referees) PIESOFTHENORTH: only their unban tickets are $60
(19:23 / All) ghettooverlord: aiunt over
(19:26 / Referees) Flayl: hey mod youre a dick nazi
(19:32 / Referees) Flayl: *buys ticket*
(19:53 / Referees) DJOrwell: THE TOWERS YET STAND
(19:54 / Referees) PIESOFTHENORTH: We at the Ghetto Mod Teamâ„¢ plan on incorporating a similar feature in the near future.
(20:11 / Referees) PIESOFTHENORTH: Ghetto Unban Tickets will range from $40-$100 based on the user's post count.
(20:19 / Referees) DJOrwell: you should sell the tickets through gmail
(20:24 / Referees) PIESOFTHENORTH: ;p;
(20:25 / Referees) PIESOFTHENORTH: lol
(20:26 / Referees) Flayl: nah, only thing to get me to register again would be if YOU payed ME
(20:36 / Referees) PIESOFTHENORTH: lo
(21:01 / Referees) PIESOFTHENORTH: the price range will also be based on their garena win%
(21:19 / Referees) PIESOFTHENORTH: just to make things more fair
(21:21 / Referees) DJOrwell: why didn't ghetto break the necropolis at the expo
(21:23 / Referees) Flayl: smurf for those lower priced tickets
(21:56 / Referees) Flayl: mortars in hu vs ud is cute
(22:03 / Referees) PIESOFTHENORTH: how so?
(22:12 / Referees) Flayl: its the only siege wepaon
(22:15 / Referees) Flayl: that ud can snipe
(22:21 / Referees) PIESOFTHENORTH: hmmm
(22:29 / Referees) PIESOFTHENORTH: blows up fiendies though
(22:33 / Referees) Flayl: yep
(22:35 / Referees) PIESOFTHENORTH: gues he doesn't really need them for that
(23:06 / Referees) PIESOFTHENORTH: LIGHT THE DK
(23:09 / Referees) PIESOFTHENORTH: YEAH
(23:18 / Referees) PIESOFTHENORTH: LIGHT HIM AGAIN
(23:19 / Referees) DJOrwell: health bars are almost entirely irrelevant in starcraft :D
(23:23 / Referees) PIESOFTHENORTH: oh wait he has health pot]
(23:32 / Referees) PIESOFTHENORTH: USE DIVINE SHIELD
(23:33 / Referees) PIESOFTHENORTH: OH WAIT
(23:35 / Referees) PIESOFTHENORTH: YOU DIDN'T LEARN IT
(23:37 / Referees) Flayl: lol
(23:37 / Referees) PIESOFTHENORTH: FOR SOME REASON
(23:38 / Referees) PIESOFTHENORTH: LOL
(23:40 / All) DJOrwell: CAST MAGIC MISSILE
(24:06 / Referees) PIESOFTHENORTH: not saying i could do better, obviously lol
(24:09 / Referees) DJOrwell: ai dota is really fun
(24:16 / Referees) Flayl: ai dota?
(24:20 / Referees) DJOrwell: dota ai maps
(24:20 / Referees) PIESOFTHENORTH: NICE MAIN SNIEP
(24:29 / Referees) Flayl: oh, didnt know they amde those
(24:31 / Referees) DJOrwell: it's all the best parts of dota without the worst parts
(24:31 / Referees) Flayl: sounds broing though
(24:35 / Referees) Flayl: haha
(24:36 / Referees) DJOrwell: ai is surprisingly competent
(24:41 / Referees) Flayl: opposite side of the espectrum
(24:46 / Referees) DJOrwell: especially for noobs
(24:56 / Referees) Flayl: yeah for learning items and abilities it soudns good
(25:04 / Referees) PIESOFTHENORTH: did he manage to kill that elemental?
(25:10 / Referees) PIESOFTHENORTH: it wa spretty close
(25:11 / Referees) Flayl: i think so not sure
(25:37 / Referees) DJOrwell: i wonder what warcraft 3 would play like without the creeping
(25:47 / Referees) DJOrwell: massive turtling would ensue
(25:58 / Referees) Flayl: you woulf have to wait for the hroes to heal between fights
(26:05 / Referees) Flayl: so my guess it would be pretty booring
(26:06 / Referees) PIESOFTHENORTH: it'd be more like sc2, "OMG HE'S GOING FOR THE WORKERS OMG HE'S GOING FOR THE WORKERS"
(26:29 / Referees) DJOrwell: i like how starcraft allows much more room for creative tactics and sabotage
(26:34 / Referees) PIESOFTHENORTH: only it'd still be more fun than sc2
(26:37 / Referees) DJOrwell: warcraft 3 emphasizes full-on conflict
(26:51 / Referees) Flayl: yeah i agree
(26:58 / Referees) Flayl: splitting up heroes doesnt really work
(27:04 / Referees) Flayl: so most you can do is liek gehtto is doign here
(27:15 / Referees) PIESOFTHENORTH: you can sort of do that in 4s
(27:16 / Referees) Flayl: sending sabotage units while assaultign somewhere else
(27:17 / All) DJOrwell: QUICKLY, CORNER THE GLOBAL ENERGY MARKET
(27:25 / Referees) PIESOFTHENORTH: have a blademaster htiting someone, and your bats/wyvs hitting somethign else
(27:31 / Referees) Flayl: haha
(27:40 / Referees) Flayl: balde kills it faster too
(27:46 / All) Miles_Edgeworth: gg
(27:47 / Referees) PIESOFTHENORTH: depends what it is